Unix NetHack Version 3.7.0-51 Work-in-progress - last build Mar 7 2022 13:06:07 (ce1e6a145e5d3e7dd6f4b57ba37794bc207988de,branch:master). Game began 2022-03-18 09:16:20, ended 2022-03-18 11:41:57. elenmirie, neutral female gnomish Archeologist --- .-- ..| ..| -..-- -...| ...-- -.(.G-- ---- ..G..---- ... -.......|... -......... ....... -..../ |.h.- ----@f.| |.<....- |..--........ ---- ..----- --- Elenmirie the Field Worker St:13 Dx:9 Co:12 In:17 Wi:17 Ch:9 Neutral Dlvl:3 $:17 HP:0(25) Pw:26(26) AC:8 Xp:5/197 T:3132 Latest messages: The bullwhip misses the floating eye. What do you want to use or apply? [egmoptwP or ?*] P In what direction? k Status of the floating eye (neutral): Level 2 HP 1(12) AC 9. You kill the floating eye! a - an uncursed +2 bullwhip. f - an uncursed dagger (at the ready). You see here a floating eye corpse. There is a floating eye corpse here; eat it? [ynq] (n) y This floating eye corpse tastes okay. You finish eating the floating eye corpse. You feel a strange mental acuity. You climb up the stairs. Coco picks up a worthless piece of white glass. Coco drops a worthless piece of white glass. You see here a statue of a newt. What do you want to use or apply? [aegmoptwP or ?*] p You produce a strange whistling sound. Coco appears next to you! You descend the stairs. You hit the hobgoblin. Coco misses the hobgoblin. The hobgoblin hits! You kill the hobgoblin! There is a hobgoblin corpse here; eat it? [ynq] (n) y This hobgoblin corpse tastes okay. You stop eating the hobgoblin corpse. There is a partly eaten hobgoblin corpse here; eat it? [ynq] (n) y You resume your meal. Coco bites the hobbit. The hobbit wields a runed dagger! You stop eating the hobgoblin corpse. Coco misses the hobbit. The hobbit thrusts her runed dagger. The hobbit hits! Coco misses the hobbit. You hit the hobbit. Coco misses the hobbit. The hobbit thrusts her runed dagger. The hobbit hits! You miss the hobbit. Coco bites the hobbit. The hobbit thrusts her runed dagger. The hobbit hits! You die... Do you want your possessions identified? [ynq] (y) y Do you want to see your attributes? [ynq] (y) y Do you want an account of creatures vanquished? [ynaq] (y) y Do you want to see your conduct and achievements? [ynq] (y) y Do you want to see the dungeon overview? [ynq] (y) y Major events: Turn 1: elenmirie the neutral female gnomish Archeologist entered the dungeon 1250: attained the rank of Field Worker (level 3) 1552: entered the Gnomish Mines 3132: killed by a hobbit Inventory: Coins $ - 17 gold pieces Weapons f - an uncursed +0 dagger (at the ready) a - an uncursed +2 bullwhip Armor c - an uncursed burnt +0 fedora (being worn) r - an uncursed +0 alchemy smock with text "If we weren't meant to eat animals, why are they made out of meat?" (being worn) b - an uncursed +0 leather jacket (being worn) Comestibles d - 2 uncursed food rations z - an uncursed food ration v - 2 uncursed tripe rations Tools w - an uncursed bag of holding containing 12 items o - an empty uncursed sack p - an uncursed magic whistle e - an uncursed +0 pick-axe (weapon in hand) P - an uncursed stethoscope m - an uncursed tin whistle t - an uncursed tinning kit (0:59) Gems/Stones g - an uncursed touchstone Contents of the bag of holding: 804 gold pieces a cursed scroll of charging an uncursed scroll of enchant weapon an uncursed scroll of food detection a cursed scroll of identify an uncursed spellbook of detect food a blessed potion of acid an uncursed potion of confusion an uncursed potion of gain energy an uncursed potion of gain level an uncursed potion of oil a blessed potion of sleeping Elenmirie the Archeologist's attributes: Background: You were a Field Worker, a level 5 female gnomish Archeologist. You were neutral, on a mission for Camaxtli who was opposed by Quetzalcoatl (lawful) and Huhetotl (chaotic). You were in the Gnomish Mines, on level 3. You entered the dungeon 3132 turns ago. There was a full moon in effect when your adventure ended. You had 197 experience points, 123 more were needed to attain level 6. Basics: You had 0 out of 25 hit points. You had all 26 energy points (spell power). Your armor class was 8. Your wallet contained 17 zorkmids. Autopickup was on for '$' plus thrown. Final Characteristics: Your strength was 13 (limit:18/50). Your dexterity was 9 (limit:18). Your constitution was 12 (limit:18). Your intelligence was 17 (limit:19). Your wisdom was 17 (limit:18). Your charisma was 9 (limit:18). Final Status: You were not hungry. You were unencumbered. You were wielding a pick-axe. You had basic skill with pick-axe. Final Attributes: You were piously aligned. You were poison resistant. You were acid resistant. Your items were protected from acid. You were telepathic. You had infravision. You were stealthy. You were warded. You were fast. You were lucky. You are dead. Miscellaneous: You never encountered a bones level. Total elapsed playing time was 1 hour, 27 minutes and 56 seconds. Vanquished creatures: 2 rock piercers a straw golem 2 floating eyes 2 homunculi a hill orc a giant bat 2 iguanas an acid blob a gas spore a hobbit 2 hobgoblins a giant rat a brown mold 3 geckos 7 jackals 2 foxes 3 kobolds 2 goblins 2 sewer rats 8 grid bugs 7 lichens 3 kobold zombies 11 newts 66 creatures vanquished. No species were genocided or became extinct. Voluntary challenges: You read items or engraved 4 times. You never engraved Elbereth. You never genocided any monsters. You never polymorphed an object. You never changed form. You used no wishes. Achievements: You entered a shop. You attained the rank of Field Worker. You entered the Gnomish Mines. The Dungeons of Doom: levels 1 to 5 Level 1: An altar to Camaxtli, a fountain. Level 2: A general store. Stairs down to The Gnomish Mines. Level 3: An altar. Level 4: A fountain. Level 5: The Gnomish Mines: Level 3: <- You were here. Final resting place for you, killed by a hobbit. Game over: ---------- / \ / REST \ / IN \ / PEACE \ / \ | elenmirie | | 821 Au | | killed by a | | hobbit | | | | | | 2022 | *| * * * | * _________)/\\_//(\/(/\)/\//\/|_)_______ Goodbye elenmirie the Archeologist... You died in The Gnomish Mines on dungeon level 3 with 1737 points, and 821 pieces of gold, after 3132 moves. You were level 5 with a maximum of 25 hit points when you died.